 Dungeon Crawl Stone Soup version 0.20.1-1-g8b1a95d66d (webtiles) character file.

61 Ivernyr the Chucker (level 4, -3/48 HPs)
             Began as an Ogre Hunter on Nov 20, 2017.
             Slain by a gnoll
             ... wielding a +0 spear
              (7 damage)
             ... on level 1 of the Dungeon.
             The game lasted 00:03:38 (1583 turns).

Ivernyr the Chucker (Ogre Hunter)                   Turns: 1583, Time: 00:03:39

Health: -3/48      AC:  3    Str: 16    XL:     4   Next: 7%
Magic:  4/4        EV: 10    Int: 13    God:
Gold:   42         SH:  0    Dex:  9    Spells: 3/3 levels left

rFire    . . .     SeeInvis .   a - +0 short sword
rCold    . . .     Gourm    .   (no shield)
rNeg     . . .     Faith    .   b - +0 robe
rPois    .         Spirit   .   (helmet restricted)
rElec    .         Reflect  .   (no cloak)
rCorr    .         Harm     .   (gloves unavailable)
MR       .....                  (boots unavailable)
Stlth    +.........             (no amulet)
Regen    0.2/turn               (no ring)
MPRegen  0.1/turn               (no ring)

@: lethally poisoned (-3 -> -6)
A: unfitting armour, tough skin 1
a: no special abilities


You were on level 1 of the Dungeon.
You were not hungry.

You visited 1 branch of the dungeon, and saw 2 of its levels.

You collected 42 gold pieces.

Inventory:

Hand Weapons
 a - a +0 short sword (weapon)
Armour
 b - a +0 robe (worn)
Scrolls
 e - 2 scrolls of remove curse {unknown}
 g - a scroll of identify {unknown}
Potions
 h - a potion of haste {unknown}
 i - 2 potions of curing {unknown}
 j - a potion of magic {unknown}
 k - a potion of agility {unknown}
 m - a potion of lignification {unknown}
Comestibles
 f - a bread ration


   Skills:
 + Level 4.2 Fighting
 + Level 4.8 Throwing
 - Level 2.0 Dodging
 - Level 0.6 Stealth


You had 3 spell levels left.
You didn't know any spells.

Dungeon Overview and Level Annotations

Branches:
Dungeon (2/15)

Altars:


Innate Abilities, Weirdness & Mutations

You are too large for most types of armour.
You have tough skin. (AC +1)


Message History

The net rips apart, and the adder comes free!
The gnoll hits you from afar with a spear.
* * * LOW HITPOINT WARNING * * *
The adder bites you.
* * * LOW HITPOINT WARNING * * *
You are poisoned.
The adder poisons you!
You barely miss the adder.
The adder is heavily wounded.
* * * LOW HITPOINT WARNING * * *
You feel sick. The adder misses you. The gnoll closely misses you.
Throwing (i - inventory):
d - a throwing net (quivered)
Press: ? - help, Shift-Dir - straight line, f/p - adder
Aim: an adder (heavily wounded)
You throw a throwing net. The throwing net hits the adder.
The adder is caught in the net!
The adder is heavily wounded.
The adder struggles against the net.
The gnoll hits you from afar with a spear!
You die...

....# #######......# ....#
#....##..##### ### ..##########
#....##..## #.. #.# #......#
#....+....######### #.###......#
#....#...##........ #.#........#
#........#..#####'# #.#........#
#........#.#####...
#..........#####..##.###.###.....
.............rgS@.##.##...#......
....[.........##+###.##...+....<.
#........##..........##...#......
#........##....w.....###.###.....
.(.......##.#[.......# #'#####...
.......####.#........###....###+#
##.....####.....>)..##.......##.#
.................####..(..†...#.#
.#.#+#####....#..####.........'.'


You could see a gnoll, an adder (caught) and a rat.

Vanquished Creatures
  2 gnolls (D:2)
  An adder (D:1)
  3 dart slugs (D:1)
  2 giant cockroaches (D:1)
  4 goblins (D:1)
  4 hobgoblins (D:1)
  2 ball pythons (D:1)
  2 bats (D:1)
  A frilled lizard (D:1)
  2 kobolds (D:1)
  7 rats (D:1)
30 creatures vanquished.

Notes
Turn   | Place    | Note
-------+----------+-------------------------------------------
     0 | D:1      | Ivernyr the Ogre Hunter began the quest for the Orb.
     0 | D:1      | Reached XP level 1. HP: 22/22 MP: 1/1
   115 | D:1      | Reached XP level 2. HP: 22/31 MP: 2/2
   792 | D:1      | Reached XP level 3. HP: 31/37 MP: 3/3
  1370 | D:2      | Reached XP level 4. HP: 30/48 MP: 4/4
  1583 | D:1      | Slain by a gnoll

Skill      XL: |  1  2  3 |
---------------+----------+-----
Fighting       | 3 4 |  4.2
Dodging        | 2 |  2.0
Throwing       | |  4.8
Stealth        | |  0.6

Action                   |  1- 3 |  4- 6 || total
-------------------------+-------+-------++-------
Melee: Short sword       |    94 |    10 ||   104
Throw: Large rock        |     5 |     1 ||     6
       Throwing net      |       |     2 ||     2
 Stab: Sleeping          |     2 |       ||     2
  Eat: Chunk             |     1 |     1 ||     2
Armor: Robe              |    23 |     4 ||    27
Dodge: Dodged            |    59 |    28 ||    87
